 Dungeon Crawl Stone Soup version 0.29.0-4-gdea44cf6ec (webtiles) character file.

Game seed: 4703466189665939655

109 sanka the Insei (level 4, -2/26 HPs)
             Began as a Tengu Warper on Aug 27, 2022.
             Slain by an iguana (8 damage)
             ... on level 4 of the Dungeon.
             The game lasted 00:02:46 (3076 turns).

sanka the Insei (Tengu Warper)                      Turns: 3076, Time: 00:02:46

Health: -2/26      AC:  3    Str: 11    XL:     4   Next: 90%
Magic:  17/17      EV: 11    Int: 16    God:
Gold:   175        SH:  0    Dex: 13    Spells: 7/7 levels left

rFire   . . .      SeeInvis .     - Unarmed
rCold   . . .      Faith    .   (no shield)
rNeg    . . .      Spirit   .   a - +0 leather armour
rPois   .          Reflect  .   (helmet restricted)
rElec   .          Harm     .   (no cloak)
rCorr   .          Rampage  .   (no gloves)
Will    .....                   (boots unavailable)
Stlth   +.........              r - amulet of magic regeneration
HPRegen 0.08/turn               (no ring)
MPRegen 0.55/turn               h - ring of magical power

@: no status effects
A: beak, talons 3
a: no special abilities


You were on level 4 of the Dungeon.
You visited 1 branch of the dungeon, and saw 4 of its levels.

You collected 175 gold pieces.


Innate Abilities, Weirdness & Mutations

You have a beak for a mouth.
You have claws for feet.


   Skills:
 - Level 2.0 Fighting
 - Level 1.0 Throwing
 - Level 1.1 Armour
 - Level 2.1 Dodging
 + Level 5.4 Unarmed Combat
 - Level 2.0 Spellcasting
 - Level 2.4 Translocations


You had 7 spell levels left.
You didn't know any spells.
Your spell library contained the following spells:

 Spells                   Type           Power      Damage    Failure   Level
 Blink                    Tloc           18%        N/A       16%         2
 Gell's Gravitas          Tloc           9%         N/A       30%         3
 Lesser Beckoning         Tloc           9%         N/A       30%         3
 Teleport Other           Tloc           9%         N/A       30%         3
 Portal Projectile        Hex/Tloc       10%        N/A       45%         3
 Tukima's Dance           Hex            1%         N/A       63%         3
 Manifold Assault         Tloc           9%         N/A       96%         5
 Blade Hands              Tmut           0%         N/A       100%        5

Inventory:

Missiles
 c - 7 boomerangs of dispersal (quivered) {=f}
 k - 4 boomerangs
Armour
 a - a +0 leather armour (worn)
Jewellery
 h - a ring of magical power (right hand)
 r - an amulet of magic regeneration (around neck)
Scrolls
 b - 3 scrolls of blinking
 d - a scroll of noise {unknown}
 e - a scroll of vulnerability {unknown}
 f - a scroll of fear {unknown}
 i - a scroll of torment {unknown}
 l - a scroll of magic mapping {unknown}
 m - a scroll of immolation {unknown}
 n - a scroll of amnesia {unknown}
 o - a scroll of enchant armour {unknown}
 s - a scroll of teleportation {unknown}
 t - 2 scrolls of identify {unknown}
Potions
 g - 2 potions of cancellation {unknown}
 j - 2 potions of curing {unknown}
 p - a potion of heal wounds {unknown}
 q - a potion of ambrosia {unknown}
 u - a potion of attraction {unknown}

Dungeon Overview and Level Annotations

Branches:
Dungeon (4/15)
 Temple: D:4-7

Altars:

▒▒▒▒▒▒▒▒▒▒▒.
▒...........
▒....l..▒
▒...Q...▒▒.
▒..<........
▒.......▒▒..
▒.......▒
▒..........
▒▒▒▒▒▒.▒▒▒▒
.▒ .. ▒▒


You could see an iguana.


Message History

You claw the iguana, but do no damage. You peck the iguana, but do no damage.
You punch the iguana, but do no damage.
The iguana is heavily wounded.
The iguana bites you.
You hit the iguana but do no damage. You claw the iguana, but do no damage.
The iguana is heavily wounded.
The iguana misses you.
You completely miss the iguana. Your kick misses the iguana.
Your peck misses the iguana.
The iguana is heavily wounded.
The iguana bites you!
* * * LOW HITPOINT WARNING * * *
You hit the iguana but do no damage. Your punch misses the iguana.
The iguana is heavily wounded.
The iguana closely misses you.
You hit the iguana but do no damage. You claw the iguana.
You peck the iguana, but do no damage.
The iguana is severely wounded.
The iguana bites you.
* * * LOW HITPOINT WARNING * * *
You barely miss the iguana. Your peck misses the iguana.
The iguana is severely wounded.
The iguana bites you!
You die...

Action                   |  1- 3 |  4- 6 || total
-------------------------+-------+-------++-------
Melee: Unarmed           |   119 |    53 ||   172
       Kick              |    34 |    10 ||    44
       Peck              |    15 |    10 ||    25
       Punch             |     5 |     1 ||     6
 Stab: Sleeping          |       |     1 ||     1
Armor: Leather armour    |    41 |     7 ||    48
Dodge: Dodged            |    72 |    27 ||    99

Levels and vault maps discovered:
D:1:      dpeg_arrival_fog, layout_basic, nicolae_titane
D:2:      layout_rooms, kennysheep_generic_room_7
D:3:      layout_rooms, shapermc_ecumenical_altar_acropolis
D:4:      layout_loops_cross, ebering_ghost_reflecting_pool,
          nicolae_ossuary_entry_catacombs, kennysheep_generic_room_11,
          uniq_grinder

Notes
Turn   | Place    | Note
-------+----------+-------------------------------------------
     0 | D:1      | sanka the Tengu Warper began the quest for the Orb.
     0 | D:1      | Reached XP level 1. HP: 12/12 MP: 4/4
   318 | D:1      | Reached XP level 2. HP: 12/17 MP: 6/6
   321 | D:1      | Reached skill level 3 in Unarmed Combat
   894 | D:1      | Reached XP level 3. HP: 19/21 MP: 7/7
  1367 | D:1      | Reached skill level 4 in Unarmed Combat
  2092 | D:2      | Reached XP level 4. HP: 26/26 MP: 8/8
  2473 | D:3      | Reached skill level 5 in Unarmed Combat
  2906 | D:3      | Found a faded altar of an unknown god.
  3076 | D:4      | Slain by an iguana

Vanquished Creatures
  5 adders
  A dart slug (D:3)
  An orc (D:3)
  2 ball pythons (D:2)
  5 bats
  6 endoplasms
  4 giant cockroaches
  2 hobgoblins (D:1)
  9 jackals (D:1)
  2 quokkas
  6 frilled lizards
  4 goblins (D:1)
  6 kobolds
  6 rats (D:1)
59 creatures vanquished.
